Zazza, neutral female gnomish Wizard -------- |....... ## |......| ---------------.-..-------------- |.<.....# |...............................| +......|# |.----....-.---.----+--..-----..| --------# |.|..|---.....|.-..| ..|(((|..| # |.|..|....|._.|.|..| ..|(((|..| # |.-|-|..|.|...-.--------.|.(h|..| # |....|..|.|...|....-...|.-|--.... # |.{...|--.----|....|...|.......@| # |..........-..|+--.-----..-----.| ### |....-|--..|..| |........+..%|.| # |...-|..|.----| ||---....|.%%|f| ### |....|..|.|./(| |...|---.-----.| # |.|..|---.-.*(| |...| +.......| ###|.|..|....|.)%| |...| |........ #-.----....-----+---------.....{.| |...............................| --------------------------------- Zazza the Evoker Experience level: 1 Strength: 8 Dexterity: 16 Constitution: 13 Intelligence: 19 Wisdom: 10 Charisma: 10 Health: 13(13) Energy: 9(9) Def: 1 Gold: 89 Moves: 754 Dungeon seed: 0p2Xq6pqnpikQE_m Game ID: Zazza_1621706648 Your Inventory: Coins $ - 89 gold pieces Weapons a - a blessed +1 quarterstaff t - 5 +0 daggers A - a +0 scimitar Armor e - an uncursed +0 cloak of magic resistance (being worn) B - an uncursed +0 orcish helm N - an uncursed +0 orcish helm Comestibles w - an uncursed tripe ration x - 2 uncursed food rations Scrolls i - a blessed scroll of teleportation j - 2 uncursed scrolls of create monster k - 2 uncursed scrolls of light Spellbooks l - a blessed spellbook of force bolt m - an uncursed spellbook of confuse monster s - an uncursed spellbook of cure sickness Potions f - a blessed potion of blindness g - an uncursed potion of sleeping h - a blessed potion of invisibility F - an uncursed potion of paralysis Rings c - an uncursed ring of free action d - an uncursed ring of invisibility o - an uncursed ring of poison resistance (on left hand) Wands b - a wand of sleep (0:5) p - a wand of speed monster (0:4) Tools n - a magic marker (0:98) Gems q - an uncursed worthless piece of yellow glass r - an uncursed worthless piece of red glass v - an uncursed worthless piece of green glass y - an uncursed worthless piece of orange glass z - an uncursed luckstone C - an uncursed topaz stone Y - 2 uncursed opals Spells and supernatural/magical abilities: Name Level Category Fail Memory a - force bolt 1 attack 0% 97% u - confuse monster 2 enchantment 0% 97% K - cure sickness 3 healing 85% 97% W - pray for help -- divine ? -- Your skills at the end: Fighting Skills Weapon Skills quarterstaff [Basic] Spellcasting Skills attack spells [Basic] enchantment spells [Basic] Final Attributes: You were nominally aligned. You were poison resistant. You were magic-protected. You had infravision. You were fast. You were lucky. You had extra luck. Bad luck did not time out for you. Good luck did not time out for you. You survived. Vanquished creatures: a shrieker a gnome lord 2 werejackals 2 coyotes a hobbit a manes a large kobold a hobgoblin 2 cave spiders a green mold 2 garter snakes 3 geckos 5 jackals 2 goblins a grid bug a lichen a newt 28 creatures vanquished. Voluntary challenges: You went without food. You never hit with a wielded weapon. You read items or engraved 7 times, starting on turn 137. You never genocided any monsters. You never polymorphed an object. You never changed form. You used no wishes. You never split a pudding. You never wrote Elbereth's name. You never violated your personal moral code. Dungeon overview: The Dungeons of Doom: levels 1 to 2 Level 1 a fountain, a sink a long staircase Level 2 stairs to The Gnomish Mines The Gnomish Mines: levels 3 to 6 Level 3 stairs to The Dungeons of Doom Level 4 Level 5 Level 6 <- You were here some shops, a temple to Anhur, some fountains History has recorded: On T:1 you entered the Dungeons of Doom to retrieve the Amulet of Yendor! On T:34 you reached level 2 of The Dungeons of Doom. On T:85 you reached level 1 of The Gnomish Mines. On T:109 you reached level 2 of The Gnomish Mines. On T:367 you reached level 3 of The Gnomish Mines. On T:543 you reached level 4 of The Gnomish Mines. Score breakdown: Gold: 89 ( 6647 points) Experience: 1 level ( 0 points) Exploration: 6 levels ( 13.04%) (10000 points) Discoveries: 5 items ( 1.74%) ( 3959 points) Valuables value: (no points given unless you survive) Artifact value: 0 ( 0 points) Variety of kills: 17 monsters ( 4.46%) ( 6336 points) Turncount: 754 turns ( 0 points) Survival: quit (score multiplied by 90%) Total score: 24247 Latest messages: The door resists! (2x) The door opens. "Hello, Zazza! Welcome to Izchak's lighting store!" You see here 7 wax candles (182 zorkmids). You see here a tallow candle (13 zorkmids). You drop an uncursed lamp (lit). You sold an uncursed lamp (lit) for 5 gold pieces. "For you, good lady; only 13 for this oil lamp." G - an uncursed oil lamp (lit) (unpaid, 13 zorkmids). You drop an uncursed oil lamp (lit) (unpaid, 13 zorkmids). "For you, honored lady; only 13 for this oil lamp." G - an uncursed oil lamp (lit) (unpaid, 13 zorkmids). Izchak's lamp is now off. You drop an uncursed oil lamp (unpaid, 13 zorkmids). You stop. Armand is in the way! You displace Armand. "Hello, Zazza! Welcome to Tipor's delicatessen!" The door closes. This door is locked. Final status: Goodbye Zazza the Wizard, quit... You quit in The Gnomish Mines on dungeon level 6 with 24247 points, and 89 pieces of gold, after 754 moves. You were level 1 with a maximum of 13 hit points when you quit.